cohdb
Replays
Latest Replays
All Replays
Popular Replays
Top Player Replays
Match Explorer
How It Works
Community
CoH3 Stats
Reddit
Sign in to upload your games and track your stats! →
Sign in with Steam
Match 41820830
Unlisted
Match 41820830
Overview
Messages
Build Orders
End
Vickers Machine Gun Team
Construct Section Command Post
Dingo Light Scout Car
Dingo Light Scout Car
Vickers Machine Gun Team
Royal Engineer Section
Construct Platoon Command Post
Humber Armored Car
Royal Engineer Section
Humber Armored Car
6-pounder Anti-tank Gun Team
Vickers Machine Gun Team
Selects Heavy Armor Battlegroup
Selects Light Vehicle Withdraw and Refit
Light Vehicle Withdraw and Refit
Unlock M3 Stuart Light Tanks
M3 Stuart Light Tank
Light Vehicle Withdraw and Refit
M3 Stuart Light Tank
M3 Stuart Light Tank
Selects Radio Net
Selects Rigorous Vehicle Training
M3 Stuart Light Tank
Light Vehicle Training
Radio Net
M3 Stuart Light Tank
Vickers Machine Gun Team
M3 Stuart Light Tank
Selects Recon Artillery
Radio Net
Recon Artillery
Vickers Machine Gun Team
Light Vehicle Withdraw and Refit
Construct Company Command Post
Selects Forward Repair Assembly
Foot Guards Section
Foot Guards Section
fgshja
CPU - VERY EASY
Jqzeh
Kitshicker つ ◕_◕ ༽つ
一剑开天门
고양이귀 에스텔
skylight1944
t48football
0
0
Comments
sign in to comment!
No comments posted yet!